Devils vs Bruins

Created - 15 décembre 2017 at 05:59

Goals
1 2 3 T
Devils 0 0 1 1
Bruins 0 1 3 4
Shots
1 2 3 T
Devils 11 10 18 39
Bruins 10 13 9 32

1st period

No Goal

Penalties :
Ryan McDonagh (BOS) for Hooking (Minor) at 15:22

2nd period

1. Bruins , Kyle Okposo 10 (Sean Monahan 17, Joel Edmundson 4) at 9:15

Penalties :
Ryan McDonagh (BOS) for Interference (Minor) at 18:49

3rd period

2. Bruins , Zemgus Girgensons 4 (Ryan McDonagh 12, Tom Kuhnhackl 6) at 2:09
3. Bruins , Anthony Mantha 12 (Marc Staal 4) at 8:03
4. Bruins , Anthony Mantha 13 (Matt Stajan 12) at 12:14
5. Devils , Tyler Johnson 10 (Steven Stamkos 17, Shea Weber 8) at 18:17

Penalties :
No Penalty

Goalie Stats

Scott Darling (NJD), 28 saves from 32 shots - (0,875), L, 11-7-4, 60:00 minutes
Juuse Saros (BOS), 38 saves from 39 shots - (0,974), W, 1-1-0, 60:00 minutes

Players Stats for Devils

Player Name              G  A  P  +/- PIM S  H  SB GA TA FO     MP     PP MP  PK MP  
------------------------------------------------------------------------------------
Alexander Debrincat      0  0  0   0  0   0  0  1  0  1  1/1    15:24   0:00   0:00 
Alexander Edler          0  0  0  -1  0   3  3  0  0  0  0/0    23:23   2:03   0:00 
Andrew Cogliano          0  0  0  -2  0   2  1  0  1  0  0/1     9:58   0:00   0:00 
Ben Lovejoy              0  0  0  -1  0   0  3  0  0  0  0/0    24:09   2:03   0:00 
Brayden Point            0  0  0   0  0   5  1  0  0  0  3/11   15:24   0:00   0:00 
Conor Sheary             0  0  0  -1  0   3  1  0  1  0  1/2    17:15   1:58   0:00 
Danton Heinen            0  0  0   0  0   3  2  0  0  0  0/0    17:23   2:00   0:00 
Dmitry Kulikov           0  0  0  -1  0   0  1  1  0  0  0/0    15:10   0:00   0:00 
Dominic Moore            0  0  0  -2  0   3  0  0  1  1  0/5     9:58   0:00   0:00 
Linden Vey               0  0  0  -2  0   0  2  0  0  0  0/0     9:58   0:00   0:00 
Matt Hunwick             0  0  0  -1  0   3  2  1  0  1  0/0    21:27   1:55   0:00 
Nazem Kadri              0  0  0  -1  0   1  2  1  0  0  6/12   17:25   2:00   0:00 
Nick Holden              0  0  0  -1  0   1  0  2  0  1  0/0    15:10   0:00   0:00 
Shea Weber               0  1  1  -1  0   1  0  1  0  0  0/0    20:41   1:55   0:00 
Steven Stamkos           0  1  1   0  0   7  1  1  1  0  9/16   17:23   2:00   0:00 
T.J. Oshie               0  0  0  -1  0   3  2  0  1  0  0/0    17:15   1:58   0:00 
Tanner Pearson           0  0  0   0  0   3  1  0  0  0  0/0    15:24   0:00   0:00 
Tyler Johnson            1  0  1   0  0   1  1  0  1  0  3/4    17:13   1:58   0:00 

Players Stats for Bruins

Player Name              G  A  P  +/- PIM S  H  SB GA TA FO     MP     PP MP  PK MP  
------------------------------------------------------------------------------------
Alex Killorn             0  0  0   0  0   1  2  1  1  0  0/0    16:23   0:00   0:00 
Alexander Burmistrov     0  0  0   1  0   3  3  0  0  0  1/1    11:48   0:00   0:55 
Anthony Mantha           2  0  2   2  0   6  2  0  0  0  0/0    13:56   0:00   0:00 
Derick Brassard          0  0  0   0  0   0  2  0  1  0  0/0    15:06   0:00   0:16 
Jakob Chychrun           0  0  0   0  0   1  2  2  0  0  0/0    20:31   0:00   2:44 
Jason Demers             0  0  0   1  0   1  2  1  0  0  0/0    21:45   0:00   0:00 
Jason Pominville         0  0  0   0  0   3  1  0  0  1  2/2    14:50   0:00   0:00 
Joel Edmundson           0  1  1   2  0   2  0  0  0  1  0/0    17:44   0:00   1:14 
Kyle Okposo              1  0  1   0  0   3  2  0  1  1  1/2    16:23   0:00   0:00 
Marc Staal               0  1  1   2  0   3  0  0  0  1  0/0    19:42   0:00   2:44 
Matt Stajan              0  1  1   2  0   0  1  0  0  0  6/14   16:40   0:00   2:44 
Nikolay Kulemin          0  0  0   2  0   2  1  1  0  0  0/1    15:08   0:00   1:02 
Patrice Bergeron         0  0  0   0  0   0  2  0  0  0  2/7    14:50   0:00   0:00 
Ryan McDonagh            0  1  1   1  4   2  0  2  0  1  0/0    21:53   0:00   0:00 
Sean Monahan             0  1  1   0  0   2  0  0  1  0  14/20  16:35   0:00   0:12 
Tom Kuhnhackl            0  1  1   1  0   1  0  0  0  0  0/0    13:30   0:00   2:47 
Xavier Ouellet           0  0  0   0  0   0  1  1  0  1  0/0    18:33   0:00   1:14 
Zemgus Girgensons        1  0  1   1  0   2  0  0  0  0  3/5    10:43   0:00   0:00 

3 Stars

1 - Juuse Saros (BOS)
2 - Anthony Mantha (BOS)
3 - Zemgus Girgensons (BOS)

Power Play

Devils - 0 on 2 Attempt(s) - 0,00%
Bruins - 0 on 0 Attempt(s) - 0,00%

Penalty Kill

Devils - 0 on 0 Attempt(s) - 0,00% - Score 0 goal in Penalty Kill
Bruins - 2 on 2 Attempt(s) - 100,00% - Score 0 goal in Penalty Kill

Team Stat

Devils - Hits : 23 - Faceoff Wins : 23 - Blocked Shots : 8 - Penalty Minutes : 0
Bruins - Hits : 21 - Faceoff Wins : 29 - Blocked Shots : 8 - Penalty Minutes : 4

Official

Referees : Steve Kozari and Dave Lewis
Linesman : Devin Berg and Scott Driscoll

Game Notes

No Game Note

Finance

Level 1 -- Attendance: 4736 (78,93%) -- Ticket Income 473 600 $
Level 2 -- Attendance: 5000 (100,00%) -- Ticket Income 300 000 $
Level 3 -- Attendance: 1867 (93,35%) -- Ticket Income 65 345 $
Level 4 -- Attendance: 4000 (100,00%) -- Ticket Income 80 000 $
Luxury Box -- Attendance: 799 (79,90%) -- Ticket Income 159 800 $
Game was played at the Boston Garden.
Total Attendance: 16402 (91,12%)
Total Ticket Income: 1 078 745 $
Other Income: 528 585 $
Total Income: 1 607 330 $

Devils

5 vs 5 Forward 
   Center                   Left Wing                Right Wing               Time % Phy DF OF 
 1 Steven Stamkos           Tyler Johnson            Danton Heinen            30     0   1  4  
 2 Nazem Kadri              T.J. Oshie               Conor Sheary             30     0   1  4  
 3 Brayden Point            Alexander Debrincat      Tanner Pearson           30     0   1  4  
 4 Dominic Moore            Linden Vey               Andrew Cogliano          10     0   2  3  

5 vs 5 Defense 
   Defense                  Defense                                           Time % Phy DF OF 
 1 Shea Weber               Alexander Edler                                   35     0   2  3  
 2 Ben Lovejoy              Matt Hunwick                                      35     0   3  2  
 3 Nick Holden              Dmitry Kulikov                                    26     0   4  1  
 4 Alexander Edler          Ben Lovejoy                                       4      0   4  1  

PowerPlay Forward 
   Center                   Left Wing                Right Wing               Time % Phy DF OF 
 1 Steven Stamkos           Nazem Kadri              Danton Heinen            50     0   0  5  
 2 Tyler Johnson            T.J. Oshie               Conor Sheary             50     0   0  5  

PowerPlay Defense
   Defense                  Defense                                           Time % Phy DF OF 
 1 Ben Lovejoy              Alexander Edler                                   50     0   1  4  
 2 Matt Hunwick             Shea Weber                                        50     0   1  4  

Penalty Kill 4 Players Forward 
   Center                   Wing                     Time % Phy DF OF 
 1 T.J. Oshie               Andrew Cogliano          60     1   4  0  
 2 Dominic Moore            Tanner Pearson           40     1   4  0  

Penalty Kill 4 Players Defense
   Defense                  Defense                  Time % Phy DF OF 
 1 Shea Weber               Dmitry Kulikov           60     1   4  0  
 2 Ben Lovejoy              Matt Hunwick             40     1   4  0  

Penalty Kill - 3 Players Forward 
   Forward                                           Time % Phy DF OF 
 1 Andrew Cogliano                                   60     1   4  0  
 2 Dominic Moore                                     40     1   4  0  

Penalty Kill - 3 Players Defense
   Defense                  Defense                  Time % Phy DF OF 
 1 Shea Weber               Dmitry Kulikov           50     1   4  0  
 2 Ben Lovejoy              Matt Hunwick             50     1   4  0  

4 vs 4 Forward 
   Center                   Wing                     Time % Phy DF OF 
 1 Steven Stamkos           T.J. Oshie               50     0   1  4  
 2 Nazem Kadri              Tyler Johnson            50     0   1  4  

4 vs 4 Defense
   Defense                  Defense                  Time % Phy DF OF 
 1 Shea Weber               Dmitry Kulikov           50     0   2  3  
 2 Ben Lovejoy              Matt Hunwick             50     0   2  3  

Last Minutes Offensive
   Center                   Left Wing                Right Wing               Defense                  Defense                  
   Tyler Johnson            T.J. Oshie               Nazem Kadri              Alexander Edler          Shea Weber               

Last Minutes Defensive
   Center                   Left Wing                Right Wing               Defense                  Defense                  
   Tyler Johnson            T.J. Oshie               Andrew Cogliano          Ben Lovejoy              Shea Weber               

Goaltenders
Starting : Scott Darling            
Backup : Steve Mason              

Extra Forwards
Normal : T.J. Oshie, Conor Sheary, Brayden Point - PP : Nazem Kadri, Conor Sheary - PK : Brayden Point
Extra Defensemen
Normal : Dmitry Kulikov, Shea Weber, Ben Lovejoy - PP : Dmitry Kulikov - PK : Nick Holden, Ben Lovejoy
Penalty Shots
T.J. Oshie, Brayden Point, Alexander Debrincat, Danton Heinen, Nazem Kadri
Custom OT Lines Forwards
Steven Stamkos, T.J. Oshie, Nazem Kadri, Tyler Johnson, Conor Sheary, Tanner Pearson, Brayden Point, Danton Heinen, Andrew Cogliano, Dominic Moore
Custom OT Lines Defensemen
Shea Weber, Nick Holden, Ben Lovejoy, Matt Hunwick, Dmitry Kulikov

Scratches
Alexander Kerfoot (Bruised Left Foot Injury), Michal Neuvirth (Healthy)

Bruins

5 vs 5 Forward 
   Center                   Left Wing                Right Wing               Time % Phy DF OF 
 1 Sean Monahan             Alex Killorn             Kyle Okposo              32     0   2  3  
 2 Patrice Bergeron         Derick Brassard          Jason Pominville         30     0   3  2  
 3 Matt Stajan              Nikolay Kulemin          Anthony Mantha           28     0   3  2  
 4 Zemgus Girgensons        Alexander Burmistrov     Tom Kuhnhackl            10     0   4  1  

5 vs 5 Defense 
   Defense                  Defense                                           Time % Phy DF OF 
 1 Ryan McDonagh            Jason Demers                                      40     0   3  2  
 2 Joel Edmundson           Marc Staal                                        30     0   5  0  
 3 Xavier Ouellet           Jakob Chychrun                                    30     0   4  1  
 4 Ryan McDonagh            Marc Staal                                        0      1   2  2  

PowerPlay Forward 
   Center                   Left Wing                Right Wing               Time % Phy DF OF 
 1 Sean Monahan             Anthony Mantha           Kyle Okposo              50     0   0  5  
 2 Patrice Bergeron         Derick Brassard          Jason Pominville         50     0   0  5  

PowerPlay Defense
   Defense                  Defense                                           Time % Phy DF OF 
 1 Ryan McDonagh            Xavier Ouellet                                    55     0   2  3  
 2 Jason Demers             Jakob Chychrun                                    45     0   2  3  

Penalty Kill 4 Players Forward 
   Center                   Wing                     Time % Phy DF OF 
 1 Matt Stajan              Tom Kuhnhackl            60     1   2  2  
 2 Alexander Burmistrov     Nikolay Kulemin          40     1   2  2  

Penalty Kill 4 Players Defense
   Defense                  Defense                  Time % Phy DF OF 
 1 Ryan McDonagh            Marc Staal               60     0   5  0  
 2 Joel Edmundson           Xavier Ouellet           40     0   5  0  

Penalty Kill - 3 Players Forward 
   Forward                                           Time % Phy DF OF 
 1 Tom Kuhnhackl                                     60     0   5  0  
 2 Marc Staal                                        40     0   5  0  

Penalty Kill - 3 Players Defense
   Defense                  Defense                  Time % Phy DF OF 
 1 Ryan McDonagh            Marc Staal               60     0   5  0  
 2 Joel Edmundson           Xavier Ouellet           40     0   5  0  

4 vs 4 Forward 
   Center                   Wing                     Time % Phy DF OF 
 1 Sean Monahan             Kyle Okposo              60     1   2  2  
 2 Derick Brassard          Jason Pominville         40     1   2  2  

4 vs 4 Defense
   Defense                  Defense                  Time % Phy DF OF 
 1 Joel Edmundson           Marc Staal               60     1   2  2  
 2 Ryan McDonagh            Jason Demers             40     1   2  2  

Last Minutes Offensive
   Center                   Left Wing                Right Wing               Defense                  Defense                  
   Sean Monahan             Derick Brassard          Kyle Okposo              Ryan McDonagh            Marc Staal               

Last Minutes Defensive
   Center                   Left Wing                Right Wing               Defense                  Defense                  
   Patrice Bergeron         Nikolay Kulemin          Tom Kuhnhackl            Ryan McDonagh            Marc Staal               

Goaltenders
Starting : Juuse Saros              
Backup : Cam Talbot               

Extra Forwards
Normal : Zemgus Girgensons, Anthony Mantha, Nikolay Kulemin - PP : Alex Killorn, Nikolay Kulemin - PK : Nikolay Kulemin
Extra Defensemen
Normal : Xavier Ouellet, Jakob Chychrun, Joel Edmundson - PP : Joel Edmundson - PK : Jakob Chychrun, Jason Demers
Penalty Shots
Jason Pominville, Kyle Okposo, Sean Monahan, Anthony Mantha, Patrice Bergeron
Custom OT Lines Forwards
Sean Monahan, Kyle Okposo, Patrice Bergeron, Jason Pominville, Derick Brassard, Alex Killorn, Anthony Mantha, Matt Stajan, Tom Kuhnhackl, Zemgus Girgensons
Custom OT Lines Defensemen
Jason Demers, Ryan McDonagh, Marc Staal, Xavier Ouellet, Joel Edmundson

Scratches
Nolan Patrick (Healthy), Brian Campbell (Healthy), David Desharnais (Healthy)

% Time on Ice - Devils

Lines # - Real PCT - Wanted PCT - Time Play
Normal Forward
1 - 27% - 30% - 15:23
2 - 27% - 30% - 15:17
3 - 27% - 30% - 15:24
4 - 18% - 10% - 9:58
Normal Defense
1 - 35% - 35% - 19:44
2 - 35% - 35% - 19:32
3 - 27% - 26% - 15:10
4 - 3% - 4% - 1:36
PP Forward
1 - 50% - 50% - 2:00
2 - 50% - 50% - 1:58
PP Defense
1 - 52% - 50% - 2:03
2 - 48% - 50% - 1:55
PK Forward
1 - 0% - 60%
2 - 0% - 40%
PK Defense
1 - 0% - 60%
2 - 0% - 40%
PK3 Forward
1 - 0% - 60%
2 - 0% - 40%
PK3 Defense
1 - 0% - 50%
2 - 0% - 50%
44 Forward
1 - 0% - 50%
2 - 0% - 50%
44 Defense
1 - 0% - 50%
2 - 0% - 50%
Last Minute Offensive  - 0:00
Last Minute Defensive  - 0:00
Total
Forward - 60:00
Defense - 60:00

% Time on Ice - Bruins

Lines # - Real PCT - Wanted PCT - Time Play
Normal Forward
1 - 29% - 32% - 16:23
2 - 27% - 30% - 15:00
3 - 25% - 28% - 13:56
4 - 19% - 10% - 10:43
Normal Defense
1 - 40% - 40% - 22:37
2 - 29% - 30% - 16:30
3 - 30% - 30% - 16:55
4 - 0% - 0% - 0:00
PP Forward
1 - 0% - 50%
2 - 0% - 50%
PP Defense
1 - 0% - 55%
2 - 0% - 45%
PK Forward
1 - 77% - 60% - 3:03
2 - 23% - 40% - 0:55
PK Defense
1 - 69% - 60% - 2:44
2 - 31% - 40% - 1:14
PK3 Forward
1 - 0% - 60%
2 - 0% - 40%
PK3 Defense
1 - 0% - 60%
2 - 0% - 40%
44 Forward
1 - 0% - 60%
2 - 0% - 40%
44 Defense
1 - 0% - 60%
2 - 0% - 40%
Last Minute Offensive  - 0:00
Last Minute Defensive  - 0:00
Total
Forward - 60:00
Defense - 60:00

Play by Play

1st period


0:01 of 1st period - Steven Stamkos wins face-off versus Sean Monahan in neutral zone.
0:08 of 1st period - Wrist shot by Steven Stamkos.
0:08 of 1st period - Stopped by Juuse Saros with a rebound.
0:12 of 1st period - Slapshot by Steven Stamkos.
0:12 of 1st period - Stopped by Juuse Saros with a rebound.
0:16 of 1st period - Wrist shot by Steven Stamkos.
0:16 of 1st period - Shot Blocked by Ryan McDonagh.
0:26 of 1st period - Shea Weber is hit by Derick Brassard and loses puck.
0:53 of 1st period - Snap shot by Anthony Mantha.
0:53 of 1st period - Shot Misses the Net.
0:55 of 1st period - Backhand shot by Ryan McDonagh.
0:55 of 1st period - Shot Blocked by Matt Hunwick.
1:02 of 1st period - Icing by Matt Hunwick.
1:03 of 1st period - Zemgus Girgensons wins face-off versus Brayden Point in Devils zone.
1:16 of 1st period - Wrist shot by Alexander Burmistrov.
1:16 of 1st period - Shot Misses the Net.
1:28 of 1st period - Snap shot by Tanner Pearson.
1:28 of 1st period - Stopped by Juuse Saros without a rebound.
1:29 of 1st period - Patrice Bergeron wins face-off versus Andrew Cogliano in Bruins zone.
1:44 of 1st period - Backhand shot by Jason Pominville.
1:44 of 1st period - Stopped by Scott Darling without a rebound.
1:45 of 1st period - Sean Monahan wins face-off versus Nazem Kadri in Devils zone.
1:58 of 1st period - Slapshot by Nazem Kadri.
1:58 of 1st period - Stopped by Juuse Saros without a rebound.
1:59 of 1st period - Tyler Johnson wins face-off versus Matt Stajan in Bruins zone.
2:04 of 1st period - Slapshot by Danton Heinen.
2:04 of 1st period - Shot Misses the Net.
2:12 of 1st period - Wrist shot by Anthony Mantha.
2:12 of 1st period - Stopped by Scott Darling without a rebound.
2:13 of 1st period - Sean Monahan wins face-off versus Nazem Kadri in Devils zone.
2:57 of 1st period - Andrew Cogliano is hit by Patrice Bergeron and loses puck.
4:58 of 1st period - Jason Demers is hit by Ben Lovejoy and loses puck.
6:25 of 1st period - Snap shot by Sean Monahan.
6:25 of 1st period - Stopped by Scott Darling without a rebound.
6:26 of 1st period - Brayden Point wins face-off versus Patrice Bergeron in Devils zone.
6:57 of 1st period - Slapshot by Anthony Mantha.
6:57 of 1st period - Shot Misses the Net.
6:59 of 1st period - Wrist shot by Nikolay Kulemin.
6:59 of 1st period - Shot Misses the Net.
7:30 of 1st period - Off-side.
7:31 of 1st period - Zemgus Girgensons wins face-off versus Dominic Moore in neutral zone.
7:37 of 1st period - Alexander Burmistrov is hit by Linden Vey and loses puck.
8:03 of 1st period - Snap shot by Derick Brassard.
8:03 of 1st period - Shot Misses the Net.
8:05 of 1st period - Wrist shot by Patrice Bergeron.
8:05 of 1st period - Shot Blocked by Nick Holden.
8:17 of 1st period - Wrist shot by Kyle Okposo.
8:17 of 1st period - Deflect By Tyler Johnson.
8:17 of 1st period - Shot Blocked by Steven Stamkos.
8:17 of 1st period - Puck is out of play.
8:18 of 1st period - Steven Stamkos wins face-off versus Sean Monahan in Devils zone.
8:52 of 1st period - Wrist shot by Conor Sheary.
8:52 of 1st period - Shot Blocked by Jason Demers.
9:14 of 1st period - Icing by Ryan McDonagh.
9:15 of 1st period - Jason Pominville wins face-off versus Steven Stamkos in Bruins zone.
10:43 of 1st period - Icing by Jason Demers.
10:44 of 1st period - Nazem Kadri wins face-off versus Patrice Bergeron in Bruins zone.
10:49 of 1st period - Wrist shot by Conor Sheary.
10:49 of 1st period - Shot Misses the Net.
11:05 of 1st period - Nick Holden is hit by Jason Pominville and loses puck.
11:16 of 1st period - Snap shot by Jason Pominville.
11:16 of 1st period - Shot Misses the Net.
11:18 of 1st period - Snap shot by Jason Pominville.
11:18 of 1st period - Stopped by Scott Darling with a rebound.
11:20 of 1st period - Backhand shot by Jason Demers.
11:20 of 1st period - Stopped by Scott Darling with a rebound.
11:26 of 1st period - Wrist shot by Jason Pominville.
11:26 of 1st period - Stopped by Scott Darling with a rebound.
11:28 of 1st period - Snap shot by Ryan McDonagh.
11:28 of 1st period - Deflect By Tanner Pearson.
11:28 of 1st period - Stopped by Scott Darling without a rebound.
11:29 of 1st period - Nazem Kadri wins face-off versus Matt Stajan in Devils zone.
11:34 of 1st period - Snap shot by Conor Sheary.
11:34 of 1st period - Stopped by Juuse Saros with a rebound.
11:36 of 1st period - Snap shot by Alexander Edler.
11:36 of 1st period - Shot Misses the Net.
11:54 of 1st period - Sean Monahan is hit by Linden Vey and loses puck.
11:59 of 1st period - Snap shot by Dominic Moore.
11:59 of 1st period - Shot Misses the Net.
12:01 of 1st period - Slapshot by Nick Holden.
12:01 of 1st period - Shot Misses the Net.
12:03 of 1st period - Slapshot by Nick Holden.
12:03 of 1st period - Deflect By Dominic Moore.
12:03 of 1st period - Stopped by Juuse Saros with a rebound.
13:43 of 1st period - Snap shot by Anthony Mantha.
13:43 of 1st period - Stopped by Scott Darling with a rebound.
13:45 of 1st period - Snap shot by Matt Stajan.
13:45 of 1st period - Shot Misses the Net.
13:47 of 1st period - Snap shot by Anthony Mantha.
13:47 of 1st period - Stopped by Scott Darling with a rebound.
14:57 of 1st period - Backhand shot by Steven Stamkos.
14:57 of 1st period - Stopped by Juuse Saros without a rebound.
14:58 of 1st period - Sean Monahan wins face-off versus Steven Stamkos in Bruins zone.
15:22 of 1st period - Minor Penalty to Ryan McDonagh for Hooking.
15:23 of 1st period - Matt Stajan wins face-off versus Steven Stamkos in Bruins zone.
15:23 of 1st period - Matt Stajan is hit by Danton Heinen.
15:52 of 1st period - Snap shot by Tyler Johnson.
15:52 of 1st period - Shot Blocked by Jakob Chychrun.
15:54 of 1st period - Snap shot by Tyler Johnson.
15:54 of 1st period - Deflect By T.J. Oshie.
15:54 of 1st period - Shot Misses the Net.
15:54 of 1st period - Puck is out of play.
15:55 of 1st period - Tyler Johnson wins face-off versus Matt Stajan in Bruins zone.
16:02 of 1st period - Wrist shot by T.J. Oshie.
16:02 of 1st period - Stopped by Juuse Saros without a rebound.
16:03 of 1st period - Matt Stajan wins face-off versus Steven Stamkos in Bruins zone.
16:03 of 1st period - Matt Stajan is hit by Matt Hunwick.
17:04 of 1st period - Icing by Ben Lovejoy.
17:05 of 1st period - Tyler Johnson wins face-off versus Sean Monahan in Devils zone.
17:22 of 1st period - Penalty to Ryan McDonagh is over, Ryan McDonagh is back on ice.
17:35 of 1st period - Backhand shot by Nick Holden.
17:35 of 1st period - Stopped by Juuse Saros with a rebound.
17:37 of 1st period - Slapshot by Dmitry Kulikov.
17:37 of 1st period - Shot Blocked by Jakob Chychrun.
17:39 of 1st period - Slapshot by Dmitry Kulikov.
17:39 of 1st period - Shot Blocked by Alex Killorn.
17:49 of 1st period - Brayden Point is hit by Alex Killorn and loses puck.
18:06 of 1st period - Slapshot by Brayden Point.
18:06 of 1st period - Stopped by Juuse Saros with a rebound.
18:22 of 1st period - Matt Stajan is hit by Nazem Kadri and loses puck.
18:29 of 1st period - Snap shot by T.J. Oshie.
18:29 of 1st period - Stopped by Juuse Saros with a rebound.
18:47 of 1st period - Wrist shot by Alexander Burmistrov.
18:47 of 1st period - Stopped by Scott Darling with a rebound.
19:59 of 1st period - Jakob Chychrun is hit by Alexander Edler and loses puck.
Goals for this period are 0 for Devils vs 0 for Bruins.
Shots for this period are 11 for Devils vs 10 for Bruins.

2nd period


0:01 of 2nd period - Nazem Kadri wins face-off versus Kyle Okposo in neutral zone.
0:26 of 2nd period - Xavier Ouellet is hit by Tanner Pearson and loses puck.
0:31 of 2nd period - Snap shot by Brayden Point.
0:31 of 2nd period - Stopped by Juuse Saros with a rebound.
0:33 of 2nd period - Slapshot by Alexander Edler.
0:33 of 2nd period - Stopped by Juuse Saros without a rebound.
0:34 of 2nd period - Sean Monahan wins face-off versus Brayden Point in Bruins zone.
0:44 of 2nd period - Slapshot by Alex Killorn.
0:44 of 2nd period - Stopped by Scott Darling with a rebound.
0:46 of 2nd period - Slapshot by Sean Monahan.
0:46 of 2nd period - Stopped by Scott Darling with a rebound.
0:48 of 2nd period - Slapshot by Joel Edmundson.
0:48 of 2nd period - Stopped by Scott Darling with a rebound.
1:32 of 2nd period - Slapshot by Derick Brassard.
1:32 of 2nd period - Shot Misses the Net.
1:42 of 2nd period - Wrist shot by Andrew Cogliano.
1:42 of 2nd period - Stopped by Juuse Saros with a rebound.
1:50 of 2nd period - Snap shot by Alexander Burmistrov.
1:50 of 2nd period - Stopped by Scott Darling with a rebound.
1:52 of 2nd period - Wrist shot by Alexander Burmistrov.
1:52 of 2nd period - Shot Misses the Net.
2:01 of 2nd period - Off-side.
2:02 of 2nd period - Sean Monahan wins face-off versus Brayden Point in neutral zone.
2:27 of 2nd period - Anthony Mantha is hit by Nazem Kadri.
2:51 of 2nd period - Snap shot by Steven Stamkos.
2:51 of 2nd period - Shot Misses the Net.
3:39 of 2nd period - Snap shot by Tanner Pearson.
3:39 of 2nd period - Stopped by Juuse Saros with a rebound.
4:54 of 2nd period - Jason Demers is hit by Alexander Edler and loses puck.
5:37 of 2nd period - Brayden Point is hit by Patrice Bergeron and loses puck.
5:46 of 2nd period - Snap shot by Patrice Bergeron.
5:46 of 2nd period - Shot Hit the Post.
6:07 of 2nd period - Alexander Edler is hit by Alexander Burmistrov and loses puck.
6:22 of 2nd period - Dmitry Kulikov is hit by Kyle Okposo and loses puck.
6:33 of 2nd period - Kyle Okposo is hit by T.J. Oshie and loses puck.
6:44 of 2nd period - Dominic Moore is hit by Xavier Ouellet and loses puck.
6:53 of 2nd period - Slapshot by Dominic Moore.
6:53 of 2nd period - Stopped by Juuse Saros without a rebound.
6:54 of 2nd period - Jason Pominville wins face-off versus Brayden Point in Bruins zone.
6:54 of 2nd period - Jason Pominville is hit by Ben Lovejoy.
7:51 of 2nd period - Kyle Okposo is hit by T.J. Oshie and loses puck.
8:09 of 2nd period - Snap shot by Tom Kuhnhackl.
8:09 of 2nd period - Stopped by Scott Darling without a rebound.
8:10 of 2nd period - Alexander Debrincat wins face-off versus Matt Stajan in Devils zone.
8:10 of 2nd period - Alexander Debrincat is hit by Anthony Mantha.
8:46 of 2nd period - Wrist shot by Danton Heinen.
8:46 of 2nd period - Deflect By Steven Stamkos.
8:46 of 2nd period - Stopped by Juuse Saros without a rebound.
8:47 of 2nd period - Patrice Bergeron wins face-off versus Conor Sheary in Bruins zone.
8:57 of 2nd period - Snap shot by T.J. Oshie.
8:57 of 2nd period - Shot Misses the Net.
8:59 of 2nd period - Slapshot by Conor Sheary.
8:59 of 2nd period - Stopped by Juuse Saros without a rebound.
9:00 of 2nd period - Steven Stamkos wins face-off versus Sean Monahan in Bruins zone.
9:15 of 2nd period - Snap shot by Kyle Okposo.
9:15 of 2nd period - Goal by Kyle Okposo - Devils : 0 - Bruins : 1.
9:16 of 2nd period - Nazem Kadri wins face-off versus Matt Stajan in neutral zone.
9:19 of 2nd period - Wrist shot by T.J. Oshie.
9:19 of 2nd period - Shot Misses the Net.
11:11 of 2nd period - Wrist shot by Derick Brassard.
11:11 of 2nd period - Shot Misses the Net.
11:13 of 2nd period - Snap shot by Derick Brassard.
11:13 of 2nd period - Shot Misses the Net.
11:15 of 2nd period - Slapshot by Marc Staal.
11:15 of 2nd period - Stopped by Scott Darling with a rebound.
11:17 of 2nd period - Snap shot by Patrice Bergeron.
11:17 of 2nd period - Shot Misses the Net.
11:19 of 2nd period - Snap shot by Jason Pominville.
11:19 of 2nd period - Shot Misses the Net.
11:21 of 2nd period - Slapshot by Marc Staal.
11:21 of 2nd period - Shot Misses the Net.
11:31 of 2nd period - Alexander Debrincat is hit by Alex Killorn and loses puck.
11:49 of 2nd period - Icing by Nick Holden.
11:50 of 2nd period - Zemgus Girgensons wins face-off versus Brayden Point in Devils zone.
11:53 of 2nd period - Snap shot by Anthony Mantha.
11:53 of 2nd period - Stopped by Scott Darling with a rebound.
11:55 of 2nd period - Backhand shot by Anthony Mantha.
11:55 of 2nd period - Shot Misses the Net.
11:57 of 2nd period - Backhand shot by Matt Stajan.
11:57 of 2nd period - Shot Misses the Net.
11:59 of 2nd period - Wrist shot by Marc Staal.
11:59 of 2nd period - Shot Blocked by Nick Holden.
12:01 of 2nd period - Slapshot by Nikolay Kulemin.
12:01 of 2nd period - Stopped by Scott Darling with a rebound.
12:03 of 2nd period - Slapshot by Marc Staal.
12:03 of 2nd period - Deflect By Nick Holden.
12:03 of 2nd period - Stopped by Scott Darling with a rebound.
12:05 of 2nd period - Wrist shot by Nikolay Kulemin.
12:05 of 2nd period - Stopped by Scott Darling with a rebound.
12:42 of 2nd period - Snap shot by Patrice Bergeron.
12:42 of 2nd period - Shot Misses the Net.
12:44 of 2nd period - Backhand shot by Derick Brassard.
12:44 of 2nd period - Shot Blocked by Shea Weber.
12:46 of 2nd period - Snap shot by Marc Staal.
12:46 of 2nd period - Shot Misses the Net.
12:56 of 2nd period - Ryan McDonagh is hit by Andrew Cogliano and loses puck.
13:01 of 2nd period - Snap shot by Andrew Cogliano.
13:01 of 2nd period - Shot Blocked by Ryan McDonagh.
13:03 of 2nd period - Slapshot by Matt Hunwick.
13:03 of 2nd period - Shot Misses the Net.
13:05 of 2nd period - Wrist shot by Matt Hunwick.
13:05 of 2nd period - Deflect By Alexander Burmistrov.
13:05 of 2nd period - Stopped by Juuse Saros with a rebound.
13:07 of 2nd period - Snap shot by Linden Vey.
13:07 of 2nd period - Shot Misses the Net.
13:19 of 2nd period - Wrist shot by Danton Heinen.
13:19 of 2nd period - Shot Blocked by Nikolay Kulemin.
14:42 of 2nd period - Zemgus Girgensons is hit by Ben Lovejoy and loses puck.
14:49 of 2nd period - Linden Vey is hit by Alexander Burmistrov and loses puck.
15:17 of 2nd period - Nazem Kadri is hit by Derick Brassard and loses puck.
15:50 of 2nd period - Wrist shot by Conor Sheary.
15:50 of 2nd period - Stopped by Juuse Saros without a rebound.
15:51 of 2nd period - Steven Stamkos wins face-off versus Sean Monahan in Bruins zone.
16:02 of 2nd period - Wrist shot by Kyle Okposo.
16:02 of 2nd period - Stopped by Scott Darling with a rebound.
17:18 of 2nd period - Snap shot by Brayden Point.
17:18 of 2nd period - Stopped by Juuse Saros with a rebound.
17:52 of 2nd period - Snap shot by Kyle Okposo.
17:52 of 2nd period - Stopped by Scott Darling with a rebound.
18:49 of 2nd period - Minor Penalty to Ryan McDonagh for Interference.
18:50 of 2nd period - Matt Stajan wins face-off versus Tyler Johnson in Bruins zone.
Goals for this period are 0 for Devils vs 1 for Bruins.
Shots for this period are 10 for Devils vs 13 for Bruins.

3rd period


0:01 of 3rd period - Matt Stajan wins face-off versus Steven Stamkos in neutral zone.
0:12 of 3rd period - Slapshot by Shea Weber.
0:12 of 3rd period - Deflect By Danton Heinen.
0:12 of 3rd period - Stopped by Juuse Saros with a rebound.
0:14 of 3rd period - Slapshot by Matt Hunwick.
0:14 of 3rd period - Stopped by Juuse Saros with a rebound.
0:16 of 3rd period - Snap shot by Matt Hunwick.
0:16 of 3rd period - Stopped by Juuse Saros with a rebound.
0:26 of 3rd period - Tom Kuhnhackl is hit by Tyler Johnson and loses puck.
0:49 of 3rd period - Penalty to Ryan McDonagh is over, Ryan McDonagh is back on ice.
1:40 of 3rd period - Wrist shot by Zemgus Girgensons.
1:40 of 3rd period - Stopped by Scott Darling without a rebound.
1:41 of 3rd period - Steven Stamkos wins face-off versus Zemgus Girgensons in Devils zone.
1:41 of 3rd period - Steven Stamkos is hit by Alexander Burmistrov.
2:05 of 3rd period - Snap shot by Tom Kuhnhackl.
2:05 of 3rd period - Shot Misses the Net.
2:07 of 3rd period - Slapshot by Ryan McDonagh.
2:07 of 3rd period - Stopped by Scott Darling with a rebound.
2:09 of 3rd period - Snap shot by Zemgus Girgensons.
2:09 of 3rd period - Goal by Zemgus Girgensons - Devils : 0 - Bruins : 2.
2:10 of 3rd period - Sean Monahan wins face-off versus Steven Stamkos in neutral zone.
2:37 of 3rd period - Ryan McDonagh is hit by Brayden Point and loses puck.
2:44 of 3rd period - Alexander Debrincat is hit by Jakob Chychrun and loses puck.
3:03 of 3rd period - Alexander Edler is hit by Jakob Chychrun and loses puck.
3:24 of 3rd period - Snap shot by Alexander Burmistrov.
3:24 of 3rd period - Stopped by Scott Darling with a rebound.
3:26 of 3rd period - Slapshot by Joel Edmundson.
3:26 of 3rd period - Stopped by Scott Darling without a rebound.
3:27 of 3rd period - Sean Monahan wins face-off versus Dominic Moore in Devils zone.
4:03 of 3rd period - Tanner Pearson is hit by Anthony Mantha and loses puck.
4:18 of 3rd period - Wrist shot by Steven Stamkos.
4:18 of 3rd period - Deflect By Danton Heinen.
4:18 of 3rd period - Shot Misses the Net.
4:18 of 3rd period - Puck is out of play.
4:19 of 3rd period - Steven Stamkos wins face-off versus Zemgus Girgensons in Bruins zone.
4:28 of 3rd period - Wrist shot by Steven Stamkos.
4:28 of 3rd period - Shot Misses the Net.
4:30 of 3rd period - Snap shot by Ben Lovejoy.
4:30 of 3rd period - Deflect By Danton Heinen.
4:30 of 3rd period - Stopped by Juuse Saros with a rebound.
4:32 of 3rd period - Wrist shot by Danton Heinen.
4:32 of 3rd period - Shot Misses the Net.
4:34 of 3rd period - Wrist shot by Steven Stamkos.
4:34 of 3rd period - Shot Misses the Net.
4:46 of 3rd period - Slapshot by Brayden Point.
4:46 of 3rd period - Stopped by Juuse Saros with a rebound.
4:48 of 3rd period - Snap shot by Tanner Pearson.
4:48 of 3rd period - Shot Misses the Net.
4:50 of 3rd period - Wrist shot by Alexander Debrincat.
4:50 of 3rd period - Deflect By Zemgus Girgensons.
4:50 of 3rd period - Shot Misses the Net.
4:50 of 3rd period - Puck is out of play.
4:51 of 3rd period - Sean Monahan wins face-off versus Brayden Point in Bruins zone.
5:27 of 3rd period - Backhand shot by Tanner Pearson.
5:27 of 3rd period - Stopped by Juuse Saros without a rebound.
5:28 of 3rd period - Conor Sheary wins face-off versus Matt Stajan in Bruins zone.
6:02 of 3rd period - Joel Edmundson is hit by Danton Heinen and loses puck.
7:18 of 3rd period - Jason Demers is hit by Steven Stamkos and loses puck.
8:03 of 3rd period - Slapshot by Anthony Mantha.
8:03 of 3rd period - Goal by Anthony Mantha - Devils : 0 - Bruins : 3.
8:04 of 3rd period - Sean Monahan wins face-off versus Nazem Kadri in neutral zone.
8:29 of 3rd period - Tyler Johnson is hit by Nikolay Kulemin and loses puck.
8:33 of 3rd period - Matt Hunwick is hit by Jason Demers and loses puck.
9:09 of 3rd period - Joel Edmundson is hit by Dmitry Kulikov and loses puck.
9:14 of 3rd period - Wrist shot by Andrew Cogliano.
9:14 of 3rd period - Deflect By Alexander Burmistrov.
9:14 of 3rd period - Shot Misses the Net.
9:14 of 3rd period - Puck is out of play.
9:15 of 3rd period - Nazem Kadri wins face-off versus Sean Monahan in Bruins zone.
9:18 of 3rd period - Slapshot by T.J. Oshie.
9:18 of 3rd period - Stopped by Juuse Saros with a rebound.
10:09 of 3rd period - Off-side.
10:10 of 3rd period - Kyle Okposo wins face-off versus Nazem Kadri in neutral zone.
10:43 of 3rd period - Off-side.
10:44 of 3rd period - Nazem Kadri wins face-off versus Matt Stajan in neutral zone.
10:53 of 3rd period - Matt Stajan is hit by Conor Sheary and loses puck.
11:16 of 3rd period - Joel Edmundson is hit by Matt Hunwick.
12:12 of 3rd period - Icing by Andrew Cogliano.
12:13 of 3rd period - Matt Stajan wins face-off versus Dominic Moore in Devils zone.
12:14 of 3rd period - Snap shot by Anthony Mantha.
12:14 of 3rd period - Goal by Anthony Mantha - Devils : 0 - Bruins : 4.
12:15 of 3rd period - Matt Stajan wins face-off versus Nazem Kadri in neutral zone.
12:40 of 3rd period - Matt Hunwick is hit by Kyle Okposo and loses puck.
12:45 of 3rd period - Wrist shot by Sean Monahan.
12:45 of 3rd period - Shot Misses the Net.
12:53 of 3rd period - Snap shot by Sean Monahan.
12:53 of 3rd period - Shot Hit the Post.
12:58 of 3rd period - Off-side.
12:59 of 3rd period - Steven Stamkos wins face-off versus Patrice Bergeron in neutral zone.
13:02 of 3rd period - Wrist shot by Steven Stamkos.
13:02 of 3rd period - Deflect By Jason Pominville.
13:02 of 3rd period - Stopped by Juuse Saros with a rebound.
13:04 of 3rd period - Slapshot by Shea Weber.
13:04 of 3rd period - Shot Misses the Net.
13:06 of 3rd period - Backhand shot by Tyler Johnson.
13:06 of 3rd period - Deflect By Steven Stamkos.
13:06 of 3rd period - Stopped by Juuse Saros without a rebound.
13:07 of 3rd period - Steven Stamkos wins face-off versus Patrice Bergeron in Bruins zone.
13:10 of 3rd period - Wrist shot by Steven Stamkos.
13:10 of 3rd period - Stopped by Juuse Saros with a rebound.
13:12 of 3rd period - Snap shot by Danton Heinen.
13:12 of 3rd period - Shot Misses the Net.
13:14 of 3rd period - Wrist shot by Alexander Edler.
13:14 of 3rd period - Stopped by Juuse Saros with a rebound.
13:16 of 3rd period - Snap shot by Steven Stamkos.
13:16 of 3rd period - Shot Misses the Net.
13:18 of 3rd period - Slapshot by Alexander Edler.
13:18 of 3rd period - Stopped by Juuse Saros without a rebound.
13:19 of 3rd period - Steven Stamkos wins face-off versus Matt Stajan in Bruins zone.
14:19 of 3rd period - Icing by Alexander Debrincat.
14:20 of 3rd period - Brayden Point wins face-off versus Nikolay Kulemin in Devils zone.
15:05 of 3rd period - Icing by Derick Brassard.
15:06 of 3rd period - Alexander Burmistrov wins face-off versus Dominic Moore in Bruins zone.
15:31 of 3rd period - Matt Hunwick is hit by Jason Demers and loses puck.
15:36 of 3rd period - Wrist shot by Patrice Bergeron.
15:36 of 3rd period - Shot Misses the Net.
15:38 of 3rd period - Wrist shot by Patrice Bergeron.
15:38 of 3rd period - Shot Misses the Net.
15:40 of 3rd period - Slapshot by Ryan McDonagh.
15:40 of 3rd period - Deflect By Patrice Bergeron.
15:40 of 3rd period - Shot Blocked by Nazem Kadri.
15:40 of 3rd period - Puck is out of play.
15:41 of 3rd period - Sean Monahan wins face-off versus Brayden Point in Devils zone.
15:50 of 3rd period - Snap shot by Alex Killorn.
15:50 of 3rd period - Shot Misses the Net.
15:52 of 3rd period - Snap shot by Alex Killorn.
15:52 of 3rd period - Shot Misses the Net.
15:54 of 3rd period - Slapshot by Xavier Ouellet.
15:54 of 3rd period - Shot Blocked by Dmitry Kulikov.
15:56 of 3rd period - Slapshot by Jakob Chychrun.
15:56 of 3rd period - Stopped by Scott Darling with a rebound.
16:37 of 3rd period - Wrist shot by Patrice Bergeron.
16:37 of 3rd period - Shot Hit the Post.
16:39 of 3rd period - Slapshot by Marc Staal.
16:39 of 3rd period - Stopped by Scott Darling without a rebound.
16:40 of 3rd period - Sean Monahan wins face-off versus Brayden Point in Devils zone.
16:57 of 3rd period - Wrist shot by Kyle Okposo.
16:57 of 3rd period - Shot Blocked by Alexander Debrincat.
17:14 of 3rd period - Slapshot by Ryan McDonagh.
17:14 of 3rd period - Shot Misses the Net.
17:16 of 3rd period - Snap shot by Ryan McDonagh.
17:16 of 3rd period - Shot Misses the Net.
17:40 of 3rd period - Matt Hunwick is hit by Matt Stajan and loses puck.
17:55 of 3rd period - Wrist shot by Linden Vey.
17:55 of 3rd period - Deflect By Andrew Cogliano.
17:55 of 3rd period - Stopped by Juuse Saros with a rebound.
18:17 of 3rd period - Slapshot by Tyler Johnson.
18:17 of 3rd period - Goal by Tyler Johnson - Devils : 1 - Bruins : 4.
18:18 of 3rd period - Brayden Point wins face-off versus Patrice Bergeron in neutral zone.
18:33 of 3rd period - Snap shot by Brayden Point.
18:33 of 3rd period - Stopped by Juuse Saros with a rebound.
18:49 of 3rd period - Wrist shot by Steven Stamkos.
18:49 of 3rd period - Shot Misses the Net.
18:51 of 3rd period - Wrist shot by Danton Heinen.
18:51 of 3rd period - Stopped by Juuse Saros without a rebound.
18:52 of 3rd period - Sean Monahan wins face-off versus Nazem Kadri in Bruins zone.
18:52 of 3rd period - Sean Monahan is hit by Alexander Edler.
19:00 of 3rd period - Snap shot by Sean Monahan.
19:00 of 3rd period - Shot Misses the Net.
19:06 of 3rd period - Wrist shot by Alexander Edler.
19:06 of 3rd period - Shot Blocked by Xavier Ouellet.
19:08 of 3rd period - Slapshot by Shea Weber.
19:08 of 3rd period - Stopped by Juuse Saros with a rebound.
19:41 of 3rd period - Wrist shot by Dominic Moore.
19:41 of 3rd period - Stopped by Juuse Saros without a rebound.
19:42 of 3rd period - Sean Monahan wins face-off versus Dominic Moore in Bruins zone.
19:46 of 3rd period - Off-side.
19:47 of 3rd period - Sean Monahan wins face-off versus Steven Stamkos in neutral zone.
Goals for this period are 1 for Devils vs 3 for Bruins.
Shots for this period are 18 for Devils vs 9 for Bruins.